 Dungeon Crawl Stone Soup version 0.21.1-1-g345015f (webtiles) character file.

3187 eccles the Carver (level 9, -1/89 HPs)
             Began as a Troll Fighter on Apr 19, 2018.
             Was a Priest of Makhleb.
             Slain by a killer bee (10 damage)
             ... on level 7 of the Dungeon on Apr 23, 2018.
             The game lasted 00:48:05 (5482 turns).

eccles the Carver (Troll Fighter)                   Turns: 5482, Time: 00:48:05

Health: -1/89      AC:  5    Str: 31    XL:     9   Next: 64%
Magic:  8/8        EV: 12    Int:  4    God:    Makhleb [***...]
Gold:   147        SH: 12    Dex: 12    Spells: 7/8 levels left

rFire    . . .     SeeInvis .   a - +2 long sword
rCold    . . .     Gourm    +   c - +0 shield
rNeg     . . .     Faith    .   j - +0 robe
rPois    .         Spirit   .   (helmet restricted)
rElec    .         Reflect  +   (no cloak)
rCorr    .         Harm     .   (gloves unavailable)
MR       .....                  (boots unavailable)
Stlth    +.........             w - +2 amulet of reflection
HPRegen  0.64/turn              y - +3 ring of strength
MPRegen  0.11/turn              z - +4 ring of evasion

@: no status effects
A: large, unfitting armour, claws 3, fast metabolism 3, gourmand, regeneration
1, shaggy fur 1, strong 1, tough skin 2, sturdy frame 1
a: Minor Destruction, Lesser Servant of Makhleb, Renounce Religion


You were on level 7 of the Dungeon.
You worshipped Makhleb.
Makhleb was most pleased with you.
You were very full.

You visited 2 branches of the dungeon, and saw 9 of its levels.
You also visited: Sewer.

You collected 574 gold pieces.
You spent 427 gold pieces at shops.

Inventory:

Hand Weapons
 a - a +2 long sword (weapon)
 e - a +0 hunting sling
 g - a +0 hunting sling
 h - a +0 mace of protection
 k - a +2 vampiric dagger
 l - a +2 short sword of venom
 K - a +0 long sword
 M - a cursed +0 dagger
Missiles
 v - 3 tomahawks
 J - 8 javelins (quivered)
Armour
 c - a +0 shield (worn)
 j - a +0 robe (worn)
 p - a +1 troll leather armour {Purgy}
 s - a +0 robe
 B - a +0 cloak
Magical Staves
 r - an uncursed staff of summoning
Jewellery
 b - an uncursed ring of see invisible
 w - a +2 amulet of reflection (around neck)
 x - an uncursed ring of positive energy
 y - a +3 ring of strength (left claw)
 z - a +4 ring of evasion (right claw)
Wands
 o - a wand of acid (10)
 t - a wand of iceblast (9)
 C - a wand of paralysis (7)
 F - a wand of polymorph (32)
Scrolls
 d - a scroll of fear
 n - 4 scrolls of fog
 u - a scroll of summoning {unknown}
 A - 6 scrolls of teleportation
 E - a scroll of magic mapping
 G - 2 scrolls of remove curse
 L - a scroll of enchant weapon
Potions
 i - 4 potions of flight
 m - 2 potions of lignification
 D - 2 potions of curing
 I - a potion of brilliance
Books
 q - a book of Maledictions

   Spells                             Type                      Level
   a - Corona                         Hexes                        1
   b - Ensorcelled Hibernation        Hexes/Ice                    2
   c - Confuse                        Hexes                        3
   d - Tukima's Dance                 Hexes                        3
   e - Dazzling Spray                 Conjuration/Hexes            3
 H - a book of Maledictions

   Spells                             Type                      Level
   a - Corona                         Hexes                        1
   b - Ensorcelled Hibernation        Hexes/Ice                    2
   c - Confuse                        Hexes                        3
   d - Tukima's Dance                 Hexes                        3
   e - Dazzling Spray                 Conjuration/Hexes            3
Comestibles
 f - 19 rations


   Skills:
 + Level 5.7 Fighting
 + Level 9.0 Long Blades
 + Level 1.2 Throwing
 + Level 2.4 Armour
 - Level 2.8 Dodging
 - Level 2.9 Shields
 * Level 2.5 Hexes


You had 7 spell levels left.
You knew the following spells:

 Your Spells              Type           Power        Failure   Level  Hunger
a - Corona                Hex            #......      58%         1    ##.....


Dungeon Overview and Level Annotations

Branches:
Dungeon (8/15)             Temple (1/1) D:7
   Lair: D:8-11

Altars:
Ashenzari
Cheibriados
Dithmenos
Fedhas
Gozag
Hepliaklqana
Kikubaaqudgha
Makhleb
Okawaru
Qazlal
Ru
Sif Muna
Trog
Uskayaw
Wu Jian
Xom
Yredelemnul
Zin
The Shining One
Lugonu

Shops:
D:5 *?[=[

Annotations:
D:4 lyrx's ghost, amateur DsCj


Innate Abilities, Weirdness & Mutations

You are too large for most types of armour.
You have claws for hands.
Your metabolism is lightning-fast.
You like to eat raw meat.
Your natural rate of healing is unusually fast.
You are covered in fur. (AC +1)
You have very tough skin. (AC +2)
Your muscles are strong. (Str +2)
Your movements are slightly less encumbered by armour. (ER -2)


Message History

The killer bee is lightly wounded.
You block the killer bee's attack. The killer bee stings you.
* * * LOW HITPOINT WARNING * * *
You climb downwards.
* * * LOW HITPOINT WARNING * * *
You feel very sick.
The howler monkey howls!
There is a stone staircase leading up here.
You feel better. The killer bee stings you!
* * * LOW HITPOINT WARNING * * *
You block the killer bee's attack. The killer bee stings you.
* * * LOW HITPOINT WARNING * * *
The killer bee stings you.
* * * LOW HITPOINT WARNING * * *
As you read the scroll of fear, it crumbles to dust.
You assume a fearsome visage.
The howler monkey looks frightened!
The killer bee looks frightened! x2
You climb upwards.
You block the killer bee's attack. The killer bee stings you!
You die...

####.......###
#?.'...##....####
#(#'.#..#........
#)['.......#
#######.####.###
.###.......'[(#...# #
.........#.'#.#...# ####
.......†...'..#....# ...###
#.....y@##.####....#
.....###
##....y##...........#
.......##
##....#............#
........##
##..##..#........##
.........##
#..#..#.........#
..........###....##........
............#...# ##.....#
................# ######
#..............#


You could see 2 killer bees.

Vanquished Creatures
  Pikel (D:5)
  3 yaks (D:7)
  A water moccasin (D:6)
  2 sky beasts
  The ghost of Goblin1989 the Ruffian, an amateur TrFi (D:3)
  A black bear (D:6)
  An orc warrior (D:6)
  An ice beast (D:6)
  Purgy (Sewer)
  2 ogres
  2 centaurs (D:5)
  Blork the orc (D:4)
  A bullfrog (D:3)
  5 killer bees
  3 crimson imps
  A centaur zombie (D:7)
  A jelly (D:7)
  2 orc priests
  7 orc wizards
  2 bullfrog skeletons
  A hound (D:6)
  An iguana (D:4)
  3 worker ants
  A hound skeleton (D:5)
  A gnoll (D:1)
  A worker ant zombie (D:5)
  A river rat (D:3)
  12 adders
  2 adder zombies
  2 adder skeletons
  3 worms
  8 leopard geckos
  20 orcs
  5 bats
  4 giant cockroaches
  7 goblins
  5 hobgoblins
  9 jackals
  3 quokkas
  2 ball pythons
  8 frilled lizards
  10 kobolds
  A leopard gecko skeleton (D:4)
  13 rats
162 creatures vanquished.

Vanquished Creatures (others)
  4 toadstools (D:1)
4 creatures vanquished.

Grand Total: 166 creatures vanquished

Notes
Turn   | Place    | Note
-------+----------+-------------------------------------------
     0 | D:1      | eccles the Troll Fighter began the quest for the Orb.
     0 | D:1      | Reached XP level 1. HP: 22/22 MP: 0/0
   172 | D:1      | Reached XP level 2. HP: 14/29 MP: 1/1
   421 | D:1      | Reached XP level 3. HP: 36/36 MP: 2/2
  1002 | D:2      | Reached skill level 2 in Long Blades
  1053 | D:2      | Found a burning altar of Makhleb.
  1057 | D:2      | Became a worshipper of Makhleb the Destroyer
  1367 | D:2      | Reached XP level 4. HP: 41/44 MP: 3/3
  1516 | D:2      | You fall through a shaft!
  1532 | D:3      | Noticed a bullfrog
  1539 | D:3      | Killed a bullfrog
  1539 | D:3      | Reached skill level 3 in Long Blades
  1539 | D:3      | Reached XP level 5. HP: 53/53 MP: 4/4
  1601 | D:3      | Noticed Goblin1989's ghost (amateur TrFi)
  1602 | D:3      | Found a hazy altar of Hepliaklqana.
  1622 | D:3      | Killed Goblin1989's ghost
  1622 | D:3      | Reached skill level 4 in Long Blades
  1634 | D:3      | Found a shattered altar of Ashenzari.
  1635 | D:3      | Found a glowing golden altar of the Shining One.
  1686 | D:3      | Reached XP level 6. HP: 42/61 MP: 5/5
  1708 | D:3      | Reached * piety under Makhleb
  1737 | D:3      | Found a glowing drain.
  1764 | Sewer    | Entered a sewer
  1836 | Sewer    | Noticed Purgy
  1846 | Sewer    | Killed Purgy
  2069 | D:3      | Found a hide-covered altar of Uskayaw.
  2260 | D:3      | Gained mutation: Your muscles are strong. (Str +2) [potion of mutation]
  2260 | D:3      | Gained mutation: Your movements are slightly less encumbered by armour. (ER -2) [potion of mutation]
  2614 | D:4      | Reached skill level 5 in Long Blades
  2676 | D:4      | Found a sacrificial altar of Ru.
  2699 | D:4      | Noticed lyrx's ghost (amateur DsCj)
  2809 | D:4      | Noticed Blork the orc
  2822 | D:4      | Killed Blork the orc
  2822 | D:4      | Reached XP level 7. HP: 68/68 MP: 6/6
  2850 | D:4      | Reached skill level 1 in Armour
  2851 | D:4      | Found an iron altar of Okawaru.
  2886 | D:4      | Reached ** piety under Makhleb
  3147 | D:5      | Entered Level 5 of the Dungeon
  3257 | D:5      | Found Mur Dyhe's Armour Emporium.
  3262 | D:5      | Bought a +0 cloak for 58 gold pieces
  3284 | D:5      | Found a deep blue altar of Sif Muna.
  3319 | D:5      | Reached skill level 6 in Long Blades
  3347 | D:5      | Reached XP level 8. HP: 64/78 MP: 7/7
  3628 | D:5      | Found a stormy altar of Qazlal.
  3711 | D:5      | Found Ehyesedime's Magic Scroll Emporium.
  3733 | D:5      | Bought a scroll of identify for 30 gold pieces
  3733 | D:5      | Bought a scroll of magic mapping for 52 gold pieces
  3733 | D:5      | Bought a scroll of enchant armour for 112 gold pieces
  3733 | D:5      | Bought a scroll of remove curse for 45 gold pieces
  3813 | D:5      | Noticed Pikel
  3813 | D:5      | Found Zauckiwiap's Assorted Antiques.
  3838 | D:5      | Killed Pikel
  3838 | D:5      | Reached skill level 7 in Long Blades
  3838 | D:5      | Reached skill level 1 in Throwing
  3861 | D:5      | Bought a scroll labeled REMUPA VAMIC for 25 gold pieces
  3934 | D:5      | Found Bupiosos's Jewellery Boutique.
  3942 | D:5      | Bought a +2 amulet of reflection for 105 gold pieces
  3966 | D:5      | Found Qeabo's Armour Shoppe.
  4068 | D:6      | Learned a level 1 spell: Corona
  4185 | D:6      | Found a shimmering altar of Xom.
  4234 | D:6      | Reached skill level 1 in Hexes
  4287 | D:6      | Reached XP level 9. HP: 87/87 MP: 8/8
  4289 | D:6      | Found a snail-covered altar of Cheibriados.
  4411 | D:6      | Found a bloodstained altar of Trog.
  4416 | D:6      | Reached *** piety under Makhleb
  4422 | D:6      | Reached skill level 5 in Fighting
  4431 | D:6      | Reached skill level 8 in Long Blades
  4603 | D:6      | Found an opulent altar of Gozag.
  5079 | D:7      | Found a staircase to the Ecumenical Temple.
  5166 | Temple   | Entered the Ecumenical Temple
  5370 | D:7      | Reached skill level 9 in Long Blades
  5482 | D:7      | Slain by a killer bee

Skill      XL: |  1  2  3  4  5  6  7  8  9 |
---------------+----------------------------+-----
Long Blades    | 2 3 4 5 6 7 9 |  9.0
Fighting       | 3 4 5 |  5.7
Armour         | 2 |  2.4
Throwing       | 1 |  1.2
Hexes          | 1 2 |  2.5
Dodging        | |  2.8
Shields        | |  2.9

Action                   |  1- 3 |  4- 6 |  7- 9 || total
-------------------------+-------+-------+-------++-------
Melee: Long sword        |   131 |   169 |   312 ||   612
Throw: Tomahawk          |       |       |     8 ||     8
Evoke: Wand              |       |       |     1 ||     1
  Use: Potion            |     6 |     8 |     6 ||    20
       Scroll            |     4 |     8 |     9 ||    21
 Stab: Sleeping          |     1 |     1 |       ||     2
  Eat: Chunk             |    18 |    15 |    24 ||    57
Armor: Robe              |    53 |    25 |    40 ||   118
       Troll leather arm |       |    28 |     9 ||    37
Dodge: Dodged            |    54 |    51 |   159 ||   264
Block: Shield            |    87 |    72 |   203 ||   362
       Rpst.: Long sword |    16 |    19 |    47 ||    82
